 Dungeon Crawl Stone Soup version 0.31-a0-426-g3a05650e59 (webtiles) character file.

Game seed: 1912269671767698077

27 CraigForest the Slasher (level 3, 0/28 HPs)
             Began as a Barachi Gladiator on July 31, 2023.
             Slain by a gnoll
             ... wielding a +0 spear
              (5 damage)
             ... on level 1 of the Dungeon.
             The game lasted 00:03:16 (359 turns).

CraigForest the Slasher (Barachi Gladiator)          Turns: 359, Time: 00:03:17

Health: 0/28       AC:  4    Str: 15    XL:     3   Next: 10%
Magic:  3/3        EV: 13    Int:  8    God:
Gold:   46         SH:  0    Dex: 15    Spells: 2/2 levels left

rFire   . . .        a - +0 long sword
rCold   . . .        (no shield)
rNeg    . . .        b - +0 leather armour
rPois   +            c - +0 helmet
rElec   .            (no cloak)
rCorr   .            (no gloves)
SInv    .            (no boots)
Will    +....        (no amulet)
Stlth   +            f - ring of poison resistance
HPRegen 0.24/turn    (no ring)
MPRegen 0.08/turn

%: no passive effects
@: unable to hop, enlightened, flying, slow
A: amphibious, slowness 1, strong legs 1, +LOS
a: Hop


You were on level 1 of the Dungeon.
You visited 1 branch of the dungeon, and saw 2 of its levels.

You collected 46 gold pieces.

Inventory:

Hand Weapons
 a - a +0 long sword (weapon)
 j - a +3 dagger
Missiles
 d - 3 throwing nets (quivered)
 e - a javelin
Armour
 b - a +0 leather armour (worn)
 c - a +0 helmet (worn)
Jewellery
 f - a ring of poison resistance (left hand)
Scrolls
 h - a scroll of teleportation {unknown}
 i - 2 scrolls of identify {unknown}
 k - a scroll of poison {unknown}


   Skills:
 + Level 2.9 Fighting
 + Level 4.1 Long Blades
 + Level 2.0 Throwing
 + Level 0.7 Armour
 + Level 3.8 Dodging


You had 2 spell levels left.
You didn't know any spells.
Your spell library was empty.

Dungeon Overview and Level Annotations

Branches:
Dungeon (2/15)

Altars:

Shops:
D:1 [


Innate Abilities, Weirdness & Mutations

You are amphibious.
You cover ground slowly.
You can hop short distances.
You have an extended range of vision and can be seen from far away.


Message History

Found 30 gold pieces.
A gnoll comes into view. It is wielding a +0 spear.
Found 3 scrolls labelled LATWUOSORU and an amethyst potion.
A rat and an endoplasm come into view.
The gnoll hits you from afar with a +0 spear.
You see here 16 gold pieces.
The gnoll hits you with a +0 spear. The gnoll barely misses you.
The kobold barely misses you.
You barely miss the gnoll. The kobold hits you but does no damage.
The gnoll hits you with a +0 spear.
You slash the gnoll!
The gnoll is heavily wounded.
The kobold hits you but does no damage. The gnoll hits you with a +0 spear!
You are too injured to fight recklessly!
You are too injured to fight recklessly!
You are too injured to fight recklessly!
Hop to where?
Press: ? - help, Dir - move target Boing!
You completely miss the kobold. The kobold barely misses you.
The gnoll barely misses you.
You closely miss the kobold. The kobold hits you but does no damage.
The gnoll hits you from afar with a +0 spear.
You hit the kobold but do no damage.
The kobold hits you with a +0 short sword.
* * * LOW HITPOINT WARNING * * *
The gnoll closely misses you. The gnoll barely misses you.
The kobold completely misses you. The kobold attacks as you move away!
The kobold barely misses you.
You barely miss the kobold. The kobold hits you but does no damage.
The gnoll hits you from afar with a +0 spear.
* * * LOW HITPOINT WARNING * * *
It was a potion of enlightenment.
You feel very buoyant.
You fly up into the air.
The kobold closely misses you. The gnoll barely misses you.
You slash the kobold!
You kill the kobold!
The gnoll hits you from afar with a +0 spear.
You die...

...................#######.....#
.......................).†.....#
.............##........###.....#
.#.###.#..........†.####.......#
.#.....#.....###.........#.....#
##.#.#.###...######....##......#
....... #.....# ##......######
.#.#.#.#.#####.####..#....#
...#.#.........)@...####>##
.###.###.#.#.#g###### ..#
....<......# #.$g# .##
.###.###.#.# ##.r?.# ...#.#...
.....!.# .#.#.#.#.# ####.$.....
.........# #........ ##.#.#.###
#......... ##.....# #.........


You could see a gnoll.

Vanquished Creatures
  A dart slug (D:1)
  2 ball pythons (D:1)
  4 bats
  4 giant cockroaches
  4 goblins
  A hobgoblin (D:1)
  A quokka (D:2)
  A frilled lizard (D:1)
  3 kobolds (D:1)
  4 rats (D:1)
25 creatures vanquished.

Notes
Turn   | Place    | Note
-------+----------+-------------------------------------------
     0 | D:1      | CraigForest the Barachi Gladiator began the quest for the
                  | Orb.
     0 | D:1      | Reached XP level 1. HP: 17/17 MP: 1/1
    63 | D:2      | Reached XP level 2. HP: 11/23 MP: 2/2
   264 | D:1      | Reached skill level 4 in Long Blades
   271 | D:1      | Found Ybasuhum's Antique Armour Boutique.
   311 | D:1      | Reached XP level 3. HP: 28/28 MP: 3/3
   359 | D:1      | Slain by a gnoll

Illustrated notes

Levels and vault maps discovered:
D:1:      roderic_chinese_lattice_arrival, layout_rooms, serial_shops, shop,
          solitary_fountain, corexii_corridor_pit
D:2:      layout_basic, moated_statue, minmay_tripent

Skill      XL: |  1  2 |
---------------+-------+-----
Long Blades    | 4 |  4.1
Fighting       | |  2.9
Throwing       | |  2.0
Armour         | |  0.7
Dodging        | |  3.8

Action                     || total
---------------------------++-------
  Melee: Long sword        ||    78
Ability: Hop               ||     1
    Use: Potion            ||     1
 Armour: Leather armour    ||    48
  Dodge: Dodged            ||    95

Table legend: (Time is in decaauts)
 A = Elapsed time spent in this place.
 B = Non-inter-level travel time spent in this place.
 C = Inter-level travel time spent in this place.
 D = Time resting spent in this place.
 E = Time spent auto-exploring this place.
 F = Levels seen in this place.
 G = Mean time per level.
                   A        B        C        D        E       F      G
               +--------+--------+--------+--------+--------+-----+--------+
         Total |    412 |    363 |     49 |      0 |    167 |   2 |  206.0 |
       Dungeon |    412 |    363 |     49 |      0 |    167 |   2 |  206.0 |
               +--------+--------+--------+--------+--------+-----+--------+

Top non-repeatable levels by time:
     D:1: 269 daAuts
     D:2: 143 daAuts
